 Dungeon Crawl Stone Soup version 0.31.0-9-g3a7656b989 (webtiles) character file.

Game seed: 15456897379419737656

711 qw the Skirmisher (level 7, -1/40 HPs)
             Began as a Deep Elf Hunter on Feb 2, 2024.
             Slain by Blork the orc
             ... wielding a +0 halberd
              (3 damage)
             ... on level 6 of the Dungeon.
             The game lasted 00:00:17 (3410 turns).

qw the Skirmisher (Deep Elf Hunter)                 Turns: 3410, Time: 00:00:17

Health: -1/40      AC:  6    Str: 10    XL:     7   Next: 40%
Magic:  9/9        EV: 11    Int: 14    God:
Gold:   263        SH:  0    Dex: 18    Spells: 6/6 levels left

rFire   . . .        a - +3 shortbow
rCold   . . .        (shield currently unavailable)
rNeg    + . .        b - +0 ring mail
rPois   .            f - +0 helmet
rElec   .            (no cloak)
rCorr   .            (no gloves)
SInv    .            (no boots)
Will    .....        (no amulet)
Stlth   +            e - ring of positive energy
HPRegen 0.26/turn    (no ring)
MPRegen 0.11/turn

%: no passive effects
@: mesmerised
A: no striking features
a: no special abilities


You were on level 6 of the Dungeon.
You visited 2 branches of the dungeon, and saw 9 of its levels.

You collected 263 gold pieces.


   Skills:
 - Level 2.2 Fighting
 + Level 11.0 Ranged Weapons
 - Level 1.9 Armour
 - Level 3.0 Dodging
 - Level 1.2 Stealth


You had 6 spell levels left.
You didn't know any spells.
Your spell library was empty.

Inventory:

Hand Weapons
 a - a +3 shortbow (weapon)
Armour
 b - a +0 ring mail (worn)
 f - a +0 helmet (worn)
Jewellery
 e - a ring of positive energy (left hand)
Wands
 i - a wand of flame (17)
Scrolls
 h - 5 scrolls of identify
Potions
 d - 3 potions of might
 j - a potion of resistance
 k - a potion of lignification {unknown}
 l - 2 potions of attraction {unknown}

Dungeon Overview and Level Annotations

Branches:
Dungeon (8/15)             Temple (1/1) D:4
   Lair: D:8-11

Altars:
Ashenzari
Cheibriados
Dithmenos
Elyvilon
Fedhas
Gozag
Hepliaklqana
Kikubaaqudgha
Makhleb
Qazlal
Ru
Trog
Uskayaw
Vehumet
Wu Jian
Xom
Zin
The Shining One

Annotations:
D:6 Blork the orc, Jeremiah, Maggie


Message History

You hear a distant slurping noise.
Found a stone staircase leading down.
Blork the orc comes into view.
He is wielding a +0 halberd.
You shoot an arrow. The arrow completely misses Maggie.
You shoot an arrow. The arrow hits Maggie.
Maggie is lightly wounded.
Blork the orc screams, "Die!"
Blork the orc misses you.
Maggie hits you with a +1 broad axe of flaming!
Maggie burns you.
You shoot an arrow. The arrow closely misses Maggie.
Blork the orc completely misses you.
Maggie mumbles some strange words.
Maggie attempts to bespell you!
You are mesmerised by Maggie!
You shoot an arrow. The arrow barely misses Maggie.
Blork the orc barely misses you.
Maggie gestures wildly while chanting.
Maggie draws you further into her thrall.
You shoot an arrow.
The arrow hits Maggie but does no damage.
Maggie is lightly wounded.
Maggie barely misses you.
Blork the orc gestures wildly while chanting.
Blork the orc seems to speed up.
You hear a bark!
You shoot an arrow. The arrow closely misses Maggie.
A hound comes into view.
Blork the orc hits you from afar with a +0 halberd.
Maggie hits you with a +1 broad axe of flaming!
Maggie burns you.
You shoot an arrow. The arrow hits Maggie.
Maggie is moderately wounded.
Blork the orc hits you from afar with a +0 halberd.
Maggie closely misses you.
Blork the orc hits you but does no damage.
You shoot an arrow. The arrow hits Maggie.
Maggie is moderately wounded.
Blork the orc hits you from afar with a +0 halberd.
You die...

##.## #.# # #'
... .... .....
##
.....>####...##
...h..@@|.....#
.....o###..#...
..... ## ....
... #+


You could see Maggie (mesmerising), Blork the orc (fast) and a hound.

Vanquished Creatures
  Menkaure (D:6)
  2 water moccasins
  A phantom (D:4)
  A hound (D:4)
  2 jellies (D:5)
  An iguana (D:4)
  Natasha (thrice) (D:4)
  4 adders
  2 dart slugs (D:2)
  2 ribbon worms
  An orc (D:3)
  9 endoplasms
  2 giant cockroaches
  7 goblins
  8 hobgoblins
  4 jackals (D:2)
  9 kobolds
  2 quokkas
  5 ball pythons
  6 bats
  3 frilled lizards
  7 rats
82 creatures vanquished.

Notes
Turn   | Place    | Note
-------+----------+-------------------------------------------
     0 | D:1      | qw the Deep Elf Hunter began the quest for the Orb.
     0 | D:1      | Reached XP level 1. HP: 12/12 MP: 3/3
     0 | D:1      | 0 ||| qw: Version: 0.3-a-155-g5e7d8dd
     0 | D:1      | 0 ||| qw: Game counter: 2499
     0 | D:1      | 0 ||| qw: Melee chars always use a shield: true
     0 | D:1      | 0 ||| qw: God list: Okawaru
     0 | D:1      | 0 ||| qw: Allow faded altars: false
     0 | D:1      | 0 ||| qw: Do Orc after clearing Dungeon:15 true
     0 | D:1      | 0 ||| qw: Do second Lair branch before Depths: true
     0 | D:1      | 0 ||| qw: Lair rune preference: random
     0 | D:1      | 0 ||| qw: Goals: Normal
     0 | D:1      | 0 ||| PLANNING D:1-11
   588 | D:1      | 588 ||| DRINKING 4 bubbling white potions.
   589 | D:1      | 589 ||| DROPPING scroll of butterflies.
   603 | D:2      | 603 ||| STAIRDANCE
   606 | D:1      | Reached skill level 6 in Ranged Weapons
   606 | D:1      | Reached XP level 2. HP: 16/16 MP: 4/4
   611 | D:2      | 611 ||| STAIRDANCE
   756 | D:2      | Reached XP level 3. HP: 20/20 MP: 5/5
   943 | D:2      | Reached skill level 7 in Ranged Weapons
  1158 | D:2      | Reached XP level 4. HP: 25/25 MP: 6/6
  1460 | D:2      | 1460 ||| UPGRADING to +0 ring mail.
  1470 | D:2      | 1470 ||| DROPPING +0 leather armour.
  1471 | D:2      | 1471 ||| UPGRADING to +0 helmet.
  1476 | D:2      | 1476 ||| UPGRADING to ring of positive energy.
  1477 | D:2      | 1477 ||| READING scroll labelled WICZEA IRUJAWE.
  1477 | D:2      | 1477 ||| ENCHANTING +0 shortbow.
  1478 | D:2      | 1478 ||| READING 4 scrolls labelled VITAAK BAMI.
  1751 | D:3      | 1751 ||| READING scroll of enchant weapon.
  1751 | D:3      | 1751 ||| ENCHANTING +1 shortbow.
  2235 | D:3      | 2235 ||| READING 9 scrolls of identify.
  2235 | D:3      | 2235 ||| IDENTIFYING blue potion
  2236 | D:3      | 2236 ||| READING 8 scrolls of identify.
  2236 | D:3      | 2236 ||| IDENTIFYING fizzy brown potion
  2237 | D:3      | 2237 ||| READING 7 scrolls of identify.
  2237 | D:3      | 2237 ||| IDENTIFYING 2 yellow potions
  2238 | D:3      | 2238 ||| READING 6 scrolls of identify.
  2238 | D:3      | 2238 ||| IDENTIFYING scroll labelled DEKLAGAONK
  2239 | D:3      | 2239 ||| DROPPING potion of invisibility.
  2240 | D:3      | 2240 ||| DROPPING 2 potions of brilliance.
  2277 | D:4      | Noticed a water moccasin
  2296 | D:4      | Killed a water moccasin
  2297 | D:4      | Reached skill level 9 in Ranged Weapons
  2297 | D:4      | Reached XP level 5. HP: 29/29 MP: 7/7
  2351 | D:4      | Found a staircase to the Ecumenical Temple.
  2352 | D:4      | 2352 ||| PLANNING TEMPLE
  2352 | D:4      | 2352 ||| READING 5 scrolls of identify.
  2352 | D:4      | 2352 ||| IDENTIFYING 3 scrolls labelled CADOHIS GOSCHOE
  2353 | D:4      | 2353 ||| DROPPING 3 scrolls of torment.
  2362 | Temple   | Entered the Ecumenical Temple
  2363 | Temple   | 2363 ||| PLANNING D:1-11
  2441 | D:4      | 2441 ||| FLEEEEING.
  2442 | D:4      | 2442 ||| STAIRDANCE
  2585 | D:4      | Noticed a phantom
  2601 | D:4      | Killed a phantom
  2602 | D:4      | Reached XP level 6. HP: 13/35 MP: 8/8
  2744 | D:4      | 2744 ||| READING scroll of enchant weapon.
  2744 | D:4      | 2744 ||| ENCHANTING +2 shortbow.
  2746 | D:4      | Noticed Natasha
  2750 | D:4      | Killed Natasha
  2766 | D:4      | Noticed Natasha
  2768 | D:4      | Killed Natasha
  2769 | D:4      | Reached skill level 10 in Ranged Weapons
  2803 | D:4      | Noticed Natasha
  2809 | D:4      | Killed Natasha
  2835 | D:4      | Reached skill level 3 in Dodging
  3031 | D:5      | Entered Level 5 of the Dungeon
  3034 | D:5      | Noticed a water moccasin
  3041 | D:5      | Killed a water moccasin
  3042 | D:5      | Reached skill level 1 in Armour
  3042 | D:5      | Reached XP level 7. HP: 24/40 MP: 9/9
  3155 | D:5      | You fall into a shaft and drop 3 floors!
  3185 | D:7      | 3185 ||| READING 6 scrolls of identify.
  3185 | D:7      | 3185 ||| IDENTIFYING metallic inky potion
  3235 | D:6      | Noticed Menkaure
  3239 | D:6      | Killed Menkaure
  3240 | D:6      | Reached skill level 11 in Ranged Weapons
  3366 | D:6      | Noticed Jeremiah
  3366 | D:6      | Noticed Maggie
  3370 | D:6      | HP: 5/40 [Maggie/+1 broad axe of flaming (7)]
  3371 | D:6      | 3371 ||| READING scroll of teleportation.
  3372 | D:6      | 3372 ||| DRINKING potion of heal wounds.
  3403 | D:6      | Noticed Blork the orc
  3408 | D:6      | HP: 10/40 [Maggie/+1 broad axe of flaming (8)]
  3409 | D:6      | HP: 2/40 [Blork the orc/+0 halberd (6)]
  3410 | D:6      | Slain by Blork the orc

Levels and vault maps discovered:
D:1:      psy_arrival_conway, layout_loops_ring, columned_hall_lemuel
D:2:      minmay_skewed_foursquare, layout_basic
D:3:      layout_loops_corners
D:4:      layout_cave_pools, lemuel_temple_firewalk_a, serial_park,
          serial_park_square3 [serial_park_minivault_5x5_6], serial_park_gazebo
          [serial_park_minivault_5x5_5], serial_park_square3
          [serial_park_minivault_5x5_7], minmay_manual_moon, uniq_natasha
D:5:      layout_basic, st_stairs_2, minmay_misc_feat_encased,
          serial_bayou_pond_b, nicolae_wormholes
D:6:      layout_loops_corners, uniq_blork_the_orc, uniq_jeremiah, uniq_maggie,
          uniq_menkaure
D:7:      cheibrodos_barr_body, layout_loops_ring
D:8:      layout_basic, grunt_temple_overflow_open, uniq_joseph
Temple:   nicolae_temple_no_exploring_needed

Skill      XL: |  1  2  3  4  5  6  7 |
---------------+----------------------+-----
Ranged Weapons | 6 7 9 10 11 | 11.0
Fighting       | 2 |  2.2
Dodging        | 3 |  3.0
Armour         | 1 |  1.9
Stealth        | |  1.2

Action                     |  1- 3 |  4- 6 |  7- 9 || total
---------------------------+-------+-------+-------++-------
   Fire: Shortbow          |    82 |   154 |    24 ||   260
    Use: Potion            |     1 |       |     1 ||     2
         Scroll            |       |     9 |     2 ||    11
 Armour: Leather armour    |    22 |       |       ||    22
         Ring mail         |       |    38 |     9 ||    47
  Dodge: Dodged            |    16 |    24 |     6 ||    46

Table legend:
 A = Non-vault XP
 B = Vault XP
 C = Vault XP percentage of total XP
 D = Non-vault monster count
 E = Vault monster count
 F = Vault count percentage of total count
                 A         B        C        D         E       F
            +---------+---------+-------+---------+---------+-------
      Total |     481 |     535 |  52.7 |      60 |      22 |  26.8
            +---------+---------+-------+---------+---------+-------
        D:1 |      24 |       0 |   0.0 |       8 |       0 |   0.0
        D:2 |      40 |      40 |  50.0 |      23 |       9 |  28.1
        D:3 |      43 |       0 |   0.0 |      15 |       0 |   0.0
        D:4 |     374 |      93 |  19.9 |      14 |       9 |  39.1
        D:5 |       0 |     233 | 100.0 |       0 |       3 | 100.0
        D:6 |       0 |     169 | 100.0 |       0 |       1 | 100.0
            +---------+---------+-------+---------+---------+-------
